 Dungeon Crawl Stone Soup version 0.31.0-9-g3a7656b989 (webtiles) character file.

Game seed: 10863279772362172768

120 EnegeticOcto the Ruffian (level 4, 45/45 HPs)
             Began as a Troll Monk on Jan 31, 2024.
             Quit the game on level 3 of the Dungeon.
             The game lasted 00:00:49 (1518 turns).

EnegeticOcto the Ruffian (Troll Monk)               Turns: 1518, Time: 00:00:50

Health: 45/45      AC:  4    Str: 19    XL:     4   Next: 75%
Magic:  3/3        EV: 10    Int:  6    God:
Gold:   106        SH:  0    Dex: 14    Spells: 3/3 levels left

rFire   . .          .
                       - Unarmed
rCold   . . .        c - orb {light}
rNeg    . . .        a - +0 robe
rPois   .            (helmet restricted)
rElec   .            (no cloak)
rCorr   .            (gloves unavailable)
SInv    .            (boots unavailable)
Will    .....        (no amulet)
Stlth   +            (no ring)
HPRegen 1.07/turn    (no ring)
MPRegen 0.08/turn

%: no passive effects
@: glowing
A: large, unfitting armour, claws 3, regeneration 1, shaggy fur 1, tough skin 1
a: no special abilities


You were on level 3 of the Dungeon.
You visited 1 branch of the dungeon, and saw 3 of its levels.

You collected 106 gold pieces.

Inventory:

Armour
 a - a +0 robe (worn)
 c - an orb of light (worn)
Jewellery
 k - an amulet of regeneration
   (You found it on level 3 of the Dungeon)
Scrolls
 g - a scroll of immolation {unknown}
 h - 2 scrolls of teleportation {unknown}
 i - 3 scrolls of identify {unknown}
 j - a scroll of acquirement {unknown}
Potions
 b - a potion of ambrosia
 d - 4 potions of attraction {unknown}
 e - a potion of curing {unknown}
 f - a potion of might {unknown}


   Skills:
 + Level 3.1 Fighting
 + Level 3.0 Dodging
 * Level 4.4 Unarmed Combat


You had 3 spell levels left.
You didn't know any spells.
Your spell library contained the following spells:

 Spells                   Type           Power      Damage    Failure   Level
 Cigotuvi's Dreadful Rot  Necr/Alch/Air  0%         N/A       58%         2
 Gell's Gravitas          Tloc           0%         N/A       83%         3
 Teleport Other           Tloc           0%         N/A       83%         3
 Ignite Poison            Fire/Alch      0%         N/A       99%         4
 Freezing Cloud           Conj/Ice/Air   0%         6-21      100%        5
 Dispersal                Tloc           0%         N/A       100%        6


Dungeon Overview and Level Annotations

Branches:
Dungeon (3/15) Zot: 16488

Altars:

Shops:
D:2 (


Innate Abilities, Weirdness & Mutations

You are too large for most types of armour.
You have claws for hands.
Your natural rate of healing is unusually fast.
You are covered in fur. (AC +1)
You have tough skin. (AC +1)


Message History

An endoplasm is nearby!
A quokka comes into view.
Found a club.
The endoplasm closely misses you.
You claw the endoplasm!
You kill the endoplasm!
The quokka barely misses you.
You closely miss the quokka.
The quokka bites you but does no damage.
You claw the quokka!
You kill the quokka!
Your Fighting skill increases to level 3!
No target in view!
No target in view!
An orc wizard and 2 orcs come into view.
The orc shouts!
The orc wizard shouts!
The orc shouts!
You hear a shout!
An orc comes into view. It is wielding a +0 club.
There are monsters nearby!
There are monsters nearby!
The orc wizard points at you and mumbles some strange words.
The puff of flame hits you!
You scratch the orc wizard.
The orc wizard is moderately wounded.
The orc wizard hits you with a +0 dagger.
You scratch the orc wizard but do no damage.
The orc wizard is moderately wounded.
The orc barely misses you. The orc closely misses you.
You claw the orc!
You kill the orc!
The orc misses you.
The orc hits you from afar with a +0 trident.
Your Dodging skill increases to level 3!
You claw the orc wizard!
The orc wizard is almost dead.
The orc wizard gestures at you while chanting.
The magic dart hits you! The orc closely misses you.
The orc hits you from afar with a +0 trident.
You are too injured to fight recklessly!
You are too injured to fight recklessly!
You are too injured to fight recklessly!
You are too injured to fight recklessly!
You are too injured to fight recklessly!
You are too injured to fight recklessly!
You are too injured to fight recklessly!
You are too injured to fight recklessly!
You are too injured to fight recklessly!
You are too injured to fight recklessly!
You scratch the orc wizard.
You kill the orc wizard!
The orc barely misses you. The orc hits you but does no damage.
The orc closely misses you. The orc barely misses you.
Things that are here:
a +0 dagger; a +0 robe; a +0 club You claw the orc!
You kill the orc!
The orc closely misses you. The orc hits you with a +0 hand axe.
Things that are here:
a +0 trident; an orc corpse You claw the orc!
You kill the orc!
A dart slug comes into view.
The dart slug launches a dart at you. The slug dart hits you.
Things that are here:
a +0 hand axe; a +0 ring mail A dart slug is nearby!
A dart slug is nearby!
You are too injured to fight recklessly!
You are too injured to fight recklessly!
You are too injured to fight recklessly!
You are too injured to fight recklessly!
The dart slug launches a dart at you. The slug dart hits you.
The dart slug bites you.
You claw the dart slug!
You kill the dart slug!
You see here a dart slug corpse.
HP restored.
i - 2 scrolls labelled WYENIORHO KUZO (gained 1)
Found a sling.
i - 3 scrolls labelled WYENIORHO KUZO (gained 1)
You see here a +0 sling.
Found a stone staircase leading down.
Found a club.
No target in view!
No target in view!
No target in view!
No target in view!
You see here a +0 club.
You see here a +0 club.
You open the door.
There is an open door here.
You open the door.
There is an open door here.
You see here a +0 pair of boots.
Done exploring.
Done exploring.
Done exploring.
Done exploring.
Are you sure you want to abandon this character and quit the game? (Confirm with "yes".)

####### #.....##
####### .......#
#.....###
#......#######.#@....#
....[............>####
#......########...#
#.#..#.#######....#
..................#
#.#..#.###.##.##.##
#....[...........#
#.#..#.##..##.####
###..#.##.###.#


There were no monsters in sight!

Vanquished Creatures
  An orc wizard (D:3)
  3 adders
  4 dart slugs
  5 orcs (D:3)
  3 bats
  8 endoplasms
  3 goblins
  6 hobgoblins
  2 jackals (D:3)
  6 kobolds
  2 quokkas
  2 ball pythons (D:1)
  3 frilled lizards
  4 rats (D:1)
52 creatures vanquished.

Notes
Turn   | Place    | Note
-------+----------+-------------------------------------------
     0 | D:1      | EnegeticOcto the Troll Monk began the quest for the Orb.
     0 | D:1      | Reached XP level 1. HP: 22/22 MP: 0/0
    65 | D:1      | Reached XP level 2. HP: 29/29 MP: 1/1
   201 | D:1      | Reached XP level 3. HP: 36/36 MP: 2/2
   560 | D:2      | Found Orghaa Sesuoth's Weapon Shoppe.
   992 | D:3      | Reached skill level 4 in Unarmed Combat
  1045 | D:3      | Reached XP level 4. HP: 44/44 MP: 3/3
  1298 | D:3      | Reached skill level 3 in Fighting
  1318 | D:3      | Reached skill level 3 in Dodging
  1518 | D:3      | Quit the game

Illustrated notes

Levels and vault maps discovered:
D:1:      psy_arrival_whirlpool, layout_rooms
D:2:      layout_loops_ring, serial_shops, nicolae_shop_behind_doors
D:3:      layout_basic

Skill      XL: |  1  2  3  4 |
---------------+-------------+-----
Unarmed Combat | 4 |  4.4
Fighting       | 3 |  3.1
Dodging        | 3 |  3.0

Action                     |  1- 3 |  4- 6 || total
---------------------------+-------+-------++-------
  Melee: Unarmed           |    79 |    18 ||    97
 Armour: Robe              |    35 |    17 ||    52
  Dodge: Dodged            |    36 |    12 ||    48

Table legend:
 A = Kills in this place as a percentage of kills in the entire game.
 B = Kills by you in this place as a percentage of kills by you in the entire game.
 C = Kills by friends in this place as a percentage of kills by friends in the entire game.
 D = Other kills in this place as a percentage of other kills in the entire game.
 E = Experience gained in this place as a percentage of experience gained in the entire game.
 F = Experience gained in this place divided by the number of levels of this place that you have seen.
                   A       B       C       D       E      F
               +-------+-------+-------+-------+-------+----------------------
         Total | 100.0 | 100.0 |   N/A |   N/A | 100.0 |  57.3
       Dungeon | 100.0 | 100.0 |   N/A |   N/A | 100.0 |  57.3
               +-------+-------+-------+-------+-------+----------------------

Table legend: (Time is in decaauts)
 A = Elapsed time spent in this place.
 B = Non-inter-level travel time spent in this place.
 C = Inter-level travel time spent in this place.
 D = Time resting spent in this place.
 E = Time spent auto-exploring this place.
 F = Levels seen in this place.
 G = Mean time per level.
                   A        B        C        D        E       F      G
               +--------+--------+--------+--------+--------+-----+--------+
         Total |   1511 |   1467 |     44 |      0 |   1245 |   3 |  503.7 |
       Dungeon |   1511 |   1467 |     44 |      0 |   1245 |   3 |  503.7 |
               +--------+--------+--------+--------+--------+-----+--------+

Top non-repeatable levels by time:
     D:2: 612 daAuts
     D:3: 532 daAuts
     D:1: 366 daAuts
